 Seeded DCSS version 0.30-a0-475-g03497ec522 (webtiles) character file.

Game seed: 10328195500388123729 (custom seed)

133 flotson the Sneak (level 4, 0/52 HPs)
             Began as a Demonspawn Delver on Dec 21, 2022.
             Succumbed to an orc wizard's poison
             ... on level 3 of the Dungeon.
             The game lasted 00:05:16 (2211 turns).

flotson the Sneak (Demonspawn Delver)               Turns: 2211, Time: 00:05:17

Health: 0/52       AC:  7    Str: 14    XL:     4   Next: 94%
Magic:  4/4        EV: 11    Int: 12    God:
Gold:   210        SH:  0    Dex: 14    Spells: 3/3 levels left

rFire   . . .      SeeInvis .    a - +0 broad axe
rCold   . . .      Faith    .    (no shield)
rNeg    . . .      Spirit   .    h - +0 ring mail
rPois   .          Reflect  .    (no helmet)
rElec   .          Harm     .    (no cloak)
rCorr   .          Rampage  .    (no gloves)
Will    .....                    (no boots)
Stlth   ..........               (no amulet)
HPRegen 0.28/turn                (no ring)
MPRegen 0.09/turn                (no ring)

@: berserking (expiring), lethally poisoned (0 -> -3), very quick
A: thin metallic scales 1
a: no special abilities


You were on level 3 of the Dungeon.
You visited 1 branch of the dungeon, and saw 5 of its levels.

You collected 210 gold pieces.

Inventory:

Hand Weapons
 a - a +0 broad axe (weapon)
Missiles
 k - 6 atropa-tipped darts
 o - 13 poisoned darts (quivered)
Armour
 h - a +0 ring mail (worn)
Wands
 g - a wand of digging (3)
Scrolls
 c - a scroll of fog
 d - a scroll of magic mapping
 e - a scroll of fear
 i - 5 scrolls of identify {unknown}
 j - 2 scrolls of silence {unknown}
 l - a scroll of blinking {unknown}
 m - a scroll of immolation {unknown}
 n - 3 scrolls of teleportation {unknown}
 r - a scroll of enchant armour {unknown}
 u - 2 scrolls of amnesia {unknown}
 v - 2 scrolls of poison {unknown}
 w - a scroll of noise {unknown}
Potions
 b - a potion of magic {unknown}
 f - a potion of flight {unknown}
 p - a potion of resistance {unknown}
 q - 2 potions of berserk rage
 s - a potion of attraction {unknown}
 t - 3 potions of curing {unknown}
 x - a potion of lignification {unknown}
 z - a potion of haste


   Skills:
 + Level 3.4 Fighting
 + Level 2.4 Axes
 + Level 1.0 Throwing
 + Level 1.3 Armour
 + Level 2.4 Dodging
 + Level 4.9 Stealth
 + Level 1.5 Evocations


You had 3 spell levels left.
You didn't know any spells.
Your spell library contained the following spells:

 Spells                   Type           Power      Damage    Failure   Level
 Ozocubu's Armour         Ice            0%         N/A       90%         3
 Ozocubu's Refrigeration  Ice            0%         4d7       100%        7


Dungeon Overview and Level Annotations

Branches:
Dungeon (5/15)
 Temple: D:4-7

Altars:
Okawaru
Uskayaw

Shops:
D:2 :


Innate Abilities, Weirdness & Mutations

You are partially covered in thin metallic scales. (AC +2)


Message History

Deactivating autopickup; reactivate with Ctrl-A.
It was a potion of berserk rage.
A red film seems to cover your vision as you go berserk!
You feel yourself moving faster!
You feel mighty!
You feel very sick. Something hits you.
You are more poisoned.
You closely miss something.
You feel very sick.
You slash something!
Reactivating autopickup.
You feel a bit more experienced.
You feel very sick.
Your Throwing skill increases to level 1!
You slash the orc!
You kill the orc!
You feel very sick.
You barely miss the ball python.
You feel sick. The ball python bites you.
* * * LOW HITPOINT WARNING * * *
The ball python grabs you. The ball python constricts you.
You completely miss the ball python.
You feel sick. The ball python closely misses you.
The ball python constricts you. The ball python bites you.
* * * LOW HITPOINT WARNING * * *
The ball python constricts you.
You are too berserk!
You slash the ball python!
You kill the ball python!
* * * LOW HITPOINT WARNING * * *
You feel sick.
You barely miss the orc.
* * * LOW HITPOINT WARNING * * *
You feel sick. The orc misses you.
You barely miss the orc.
* * * LOW HITPOINT WARNING * * *
You feel sick. The orc hits you with a +0 club.
* * * LOW HITPOINT WARNING * * *
You slash the orc!
You kill the orc!
You die...

.. ##. ... ########## #.#
#.. #......... ...#.# #.#
#.######## ...#.# #.# #.#
...#.# #)# #.# #.#
#########.##.# #@# #.# #.#
........#.##.# #.# #.# #.#
.....##.#.##.# #.#.#.# #.#
.....##.#.##.###.#.#.# #.#
....................>#.#.#
.....##.#.##.###.#.#.#.#.#
..#####.#.##.###.#.#<..#.#
#.# #.#.#<.....#.#.#.#.#
#.# ######.#####.....#.#


There were no monsters in sight!

Vanquished Creatures
  An orc wizard (D:3)
  2 adders
  3 gnolls (D:1)
  A worm (D:2)
  5 orcs
  10 endoplasms
  3 giant cockroaches
  4 goblins
  2 hobgoblins
  6 ball pythons
  10 bats
  A frilled lizard (D:2)
  5 kobolds
  2 rats (D:2)
55 creatures vanquished.

Vanquished Creatures (others)
  6 fungi (D:2)
  5 toadstools (D:2)
11 creatures vanquished.

Grand Total: 66 creatures vanquished

Notes
Turn   | Place    | Note
-------+----------+-------------------------------------------
     0 | D:5      | flotson the Demonspawn Delver began the quest for the Orb.
     0 | D:5      | Reached XP level 1. HP: 18/18 MP: 1/1
    46 | D:5      | Gained mutation: You are partially covered in thin metallic
                  | scales. (AC +2) [demonic ancestry]
    46 | D:5      | Reached XP level 2. HP: 14/24 MP: 2/2
   137 | D:5      | Found an iron altar of Okawaru.
   240 | D:4      | Noticed a phantom
   287 | D:2      | Found Icihit's Book Emporium.
   672 | D:1      | Reached XP level 3. HP: 29/29 MP: 3/3
   798 | D:1      | Reached skill level 1 in Evocations
  1053 | D:1      | Reached XP level 4. HP: 29/35 MP: 4/4
  1177 | D:2      | Reached skill level 1 in Armour
  1932 | D:3      | Noticed a +0 falchion
  1932 | D:3      | Noticed a +0 falchion
  1932 | D:3      | Noticed a +0 dagger
  1933 | D:3      | Noticed a +0 spear
  1933 | D:3      | Noticed a +0 dagger
  1934 | D:3      | Noticed a +0 short sword
  1935 | D:3      | Noticed a +0 spear
  1935 | D:3      | Noticed a +0 short sword
  1963 | D:3      | Found a hide-covered altar of Uskayaw.
  2205 | D:3      | Reached skill level 1 in Throwing
  2210 | D:3      | HP: 1/52 [orc/+0 club (3)]
  2211 | D:3      | Succumbed to an orc wizard's poison

Illustrated notes

Levels and vault maps discovered:
D:1:      dpeg_arrival_refuge, layout_loops_ring,
          chequers_serial_rivers_micro_e, minmay_box_of_dots
D:2:      layout_rooms, serial_shops, nicolae_shop_waterfront,
          minmay_gold_behind_fungi, nicolae_elevator_lobby_asterisk
D:3:      layout_basic, nicolae_uskayaw_en_pointe, nrook_uturn,
          minmay_checkerbox
D:4:      minmay_diamond_boxcup, layout_basic, ebering_ghost_gozag,
          minmay_cupped
D:5:      layout_cave_pools, kennysheep_mini

Skill      XL: |  1  2  3  4 |
---------------+-------------+-----
Axes           | 2 |  2.4
Dodging        | 2 |  2.4
Evocations     | 1 |  1.5
Armour         | 1 |  1.3
Throwing       | 1 |  1.0
Fighting       | |  3.4
Stealth        | |  4.9

Action                   |  1- 3 |  4- 6 || total
-------------------------+-------+-------++-------
Melee: Hand axe          |    98 |     6 ||   104
       Punch             |     2 |       ||     2
       Broad axe         |       |    76 ||    76
Throw: Dart              |     9 |       ||     9
  Use: Potion            |     2 |     1 ||     3
 Stab: Sleeping          |     5 |     2 ||     7
Armor: Ring mail         |    53 |    35 ||    88
Dodge: Dodged            |    68 |    49 ||   117

Table legend: (Time is in decaauts)
 A = Elapsed time spent in this place.
 B = Non-inter-level travel time spent in this place.
 C = Inter-level travel time spent in this place.
 D = Time resting spent in this place.
 E = Time spent auto-exploring this place.
 F = Levels seen in this place.
 G = Mean time per level.
                   A        B        C        D        E       F      G
               +--------+--------+--------+--------+--------+-----+--------+
         Total |   2225 |   2190 |     35 |      0 |   1573 |   5 |  445.0 |
       Dungeon |   2225 |   2190 |     35 |      0 |   1573 |   5 |  445.0 |
               +--------+--------+--------+--------+--------+-----+--------+

Top non-repeatable levels by time:
     D:1: 781 daAuts
     D:2: 713 daAuts
     D:3: 461 daAuts
     D:5: 143 daAuts
     D:4: 125 daAuts
